 Dungeon Crawl Stone Soup version 0.20.0-8-g6b59dc7 (webtiles) character file.

55 RKaid the Cudgeler (level 3, -1/24 HPs)
             Began as a Gargoyle Chaos Knight on May 30, 2017.
             Killed from afar by Sigmund (5 damage)
             ... with a wand of flame (?/48)
             ... on level 2 of the Dungeon.
             The game lasted 00:03:55 (1137 turns).

RKaid the Cudgeler (Gargoyle Chaos Knight)          Turns: 1137, Time: 00:03:56

Health: -1/24      AC:  9    Str: 16    XL:     3   Next: 93%
Magic:  3/3        EV: 11    Int: 12    God:    Xom [.*....]
Gold:   46         SH:  0    Dex:  9    Spells: 2/2 levels left

rFire    . . .     SeeInvis .   a - +0 mace (chaos)
rCold    . . .     Gourm    .   (no shield)
rNeg     + . .     Faith    .   b - +2 leather armour
rPois    ∞         Spirit   .   (no helmet)
rElec    +         Reflect  .   v - +0 cloak
rCorr    .         Harm     .   (no gloves)
MR       .....                  (no boots)
Stlth    +.........             (no amulet)
Regen    0.1/turn               p - +3 ring of slaying
MPRegen  0.1/turn               (no ring)

@: no status effects
A: negative energy resistance 1, electricity resistance, unbreathing,
petrification resistance, rot immunity, AC +3
a: Renounce Religion


You were on level 2 of the Dungeon.
You worshipped Xom.
You were a plaything of Xom.
You were not hungry.

You visited 1 branch of the dungeon, and saw 2 of its levels.

You collected 46 gold pieces.

Inventory:

Hand Weapons
 a - a +0 mace of chaos (weapon)
 u - a +0 mace of protection
   (You found it on level 2 of the Dungeon)
 w - a +0 mace of crushing
   (You found it on level 2 of the Dungeon)
 x - a cursed -1 mace
   (You found it on level 2 of the Dungeon)
 y - a +1 antimagic mace
   (You found it on level 2 of the Dungeon)
 z - a +2 mace of draining
   (You found it on level 2 of the Dungeon)
Armour
 b - a +2 leather armour (worn)
 v - a +0 cloak (worn)
   (You found it on level 2 of the Dungeon)
Jewellery
 p - a +3 ring of slaying (left hand)
   (You found it on level 1 of the Dungeon)
 r - an uncursed amulet of regeneration {unknown}
   (You found it on level 1 of the Dungeon)
Scrolls
 d - a scroll of fear {unknown}
 g - a scroll of random uselessness {unknown}
 h - a scroll of enchant armour {unknown}
 l - a scroll of noise {unknown}
 m - a scroll of remove curse {unknown}
 o - 2 scrolls of teleportation {unknown}
 s - a scroll of blinking {unknown}
Potions
 e - a potion of magic {unknown}
 i - a potion of haste {unknown}
 k - a potion of lignification {unknown}
 q - a potion of agility {unknown}
 t - a potion of heal wounds
Comestibles
 c - a bread ration
 f - 2 chunks of flesh
 j - a meat ration
 n - 2 fruits


   Skills:
 + Level 4.0 Fighting
 * Level 4.2 Maces & Flails
 - Level 2.1 Armour
 - Level 0.7 Dodging


You had 2 spell levels left.
You didn't know any spells.

Dungeon Overview and Level Annotations

Branches:
Dungeon (2/15)

Altars:
Dithmenos

Annotations:
D:2 1 runed door, Sigmund


Innate Abilities, Weirdness & Mutations

You are resistant to torment.
Your stone body is resilient. (AC +3)
You are immune to poison.
You resist negative energy. (rN+)
You are resistant to electric shocks. (rElec)
You can survive without breathing.
You are immune to petrification.
You are immune to rotting.


Message History

You see here a mace.
You see here a mace.
You butcher the gnoll corpse of Crazy Yiuf.
f - 2 chunks of flesh You see here a quarterstaff of chaos. x2
Xom twists space around you.
Your surroundings suddenly seem different.
A bat comes into view.
Marking area around Sigmund as unsafe for travelling.
Sigmund the Dreaded comes into view.
He is wielding a scythe.
Sigmund shouts!
Sigmund says, "Your kind have come here before.
I understand now why.
You desire death..."
Sigmund zaps a wand.
The puff of flame misses you.
It is a wand of flame (?/48).
You closely miss the bat. The bat hits you but does no damage.
A frilled lizard comes into view.
The frilled lizard hisses angrily.
The bat misses you. The bat closely misses you.
You aren't carrying any items that you can evoke.
Unknown command.
The bat barely misses you. Sigmund casts a spell at you.
The magic dart hits you! The bat barely misses you.
Sigmund zaps a wand.
The puff of flame misses you.
You hit Sigmund but do no damage. The bat hits you but does no damage.
Sigmund zaps a wand.
The puff of flame misses you. The bat barely misses you.
You hit Sigmund. The bat completely misses you. Sigmund hits you with a scythe.
A worm comes into view.
You closely miss Sigmund.
Sigmund zaps a wand.
The puff of flame hits you!
Ouch! That really hurt!
* * * LOW HITPOINT WARNING * * *
The frilled lizard bites you but does no damage.
Sigmund barely misses you.
You see here 13 stones.
It was a potion of heal wounds.
You feel much better.
Xom thinks this is hilarious!
The bat closely misses you. The frilled lizard closely misses you.
Sigmund barely misses you. The bat barely misses you.
The bat hits you but does no damage.
Sigmund gestures wildly while chanting.
Sigmund flickers and vanishes!
Deactivating autopickup; reactivate with Ctrl-A.
A goblin comes into view.
The goblin shouts!
The bat hits you but does no damage. The bat hits you but does no damage.
You are confused.
The bat barely misses you. The bat hits you but does no damage.
The frilled lizard closely misses you.
You're too confused to move!
The bat hits you but does no damage. The frilled lizard barely misses you.
You're too confused to move!
The bat barely misses you. The frilled lizard barely misses you.
You miss the frilled lizard. The bat barely misses you.
The frilled lizard completely misses you.
Something hits you. The bat hits you but does no damage.
The frilled lizard barely misses you. The goblin barely misses your ufetubus.
You hit the frilled lizard.
You kill the frilled lizard!
Your Fighting skill increases to level 4!
You feel less confused. The bat hits you but does no damage.
A magic dart appears from out of thin air!
The magic dart hits you!
Your ufetubus hits the bat.
Your ufetubus closely misses the bat.
You closely miss the bat. The bat barely misses you.
You hear a zap.
A puff of flame appears from out of thin air!
The puff of flame misses you. Something completely misses you.
Your ufetubus hits the bat.
The bat dies!
You hit the goblin. You drain the goblin!
You kill the goblin!
You hear a zap.
A puff of flame appears from out of thin air!
The puff of flame hits you! Something hits you. Something hits you.
You closely miss something. The worm barely misses you.
You closely miss something. Something hits you but does no damage.
The worm bites you.
You sock the worm! Lightning courses through the worm!
Your ufetubus closely misses something.
Your ufetubus hits something. Something hits you.
Your ufetubus hits something.
Your ufetubus closely misses something.
The worm bites you.
* * * LOW HITPOINT WARNING * * *
Your ufetubus closely misses something.
Your ufetubus barely misses something.
You hear a zap.
A puff of flame appears from out of thin air!
The puff of flame hits your ufetubus.
Your ufetubus is burned terribly!
Your ufetubus dies!
Unknown command.
You hear a zap.
A puff of flame appears from out of thin air!
The puff of flame hits you!
You die... "It was about time."

... ####### ...%
.#####.....##.....
..................
..........(...?.w.
..........##.....
# ###......# ...$.
##.#####......#
+###
#...@..#......#
#..###.{w.##### #.
#....# # #....#
######## #....#
.......# ......#
..####.# ....#...#
#.####.# #####.!.#
#..(...# ...##


You could see a worm.

Vanquished Creatures
  A river rat (D:2)
  2 dart slugs (D:1)
  2 leopard geckos (D:1)
  8 bats
  A giant cockroach (D:2)
  3 goblins
  5 hobgoblins
  6 jackals (D:1)
  3 kobolds
  3 frilled lizards
  2 rats (D:1)
36 creatures vanquished.

Vanquished Creatures (collateral kills)
  A bat (D:2)
1 creature vanquished.

Grand Total: 37 creatures vanquished

Notes
Turn   | Place    | Note
-------+----------+-------------------------------------------
     0 | D:1      | RKaid the Gargoyle Chaos Knight began the quest for the Orb.
     0 | D:1      | Reached XP level 1. HP: 14/14 MP: 1/1
   202 | D:1      | Reached XP level 2. HP: 19/19 MP: 2/2
   401 | D:1      | Reached XP level 3. HP: 24/24 MP: 3/3
   623 | D:1      | XOM: divination: detect creatures
   797 | D:1      | Reached skill level 4 in Maces & Flails
   832 | D:1      | XOM: silly message
   943 | D:2      | Found a shadowy altar of Dithmenos.
  1016 | D:2      | Found a runed door.
  1020 | D:2      | XOM: scenery: 1 doors open
  1023 | D:2      | Noticed Crazy Yiuf
  1028 | D:2      | XOM: summons friendly ufetubus
  1030 | D:2      | Noticed Crazy Yiuf
  1030 | D:2      | Crazy Yiuf changed into Crazy Yiuf the river rat
  1031 | D:2      | Killed Crazy Yiuf the river rat
  1102 | D:2      | XOM: 1-stop teleportation journey
  1103 | D:2      | Noticed Sigmund
  1111 | D:2      | HP: 6/24 [Sigmund/wand of flame (?/48) (12)]
  1124 | D:2      | Reached skill level 4 in Fighting
  1132 | D:2      | HP: 4/24 [worm (6)]
  1137 | D:2      | Killed from afar by Sigmund

Skill      XL: |  1  2  3 |
---------------+----------+-----
Maces & Flails | 4 |  4.2
Fighting       | 4 |  4.0
Armour         | |  2.1
Dodging        | |  0.7

Action                   || total
-------------------------++-------
Melee: Mace              ||   114
  Use: Potion            ||     1
  Eat: Chunk             ||     1
Armor: Leather armour    ||    67
Dodge: Dodged            ||   114

Table legend:
 A = Turns spent in this place as a percentage of turns spent in the entire game.
 B = Non-inter-level travel turns spent in this place as a percentage of non-inter-level travel turns spent in the entire game.
 C = Inter-level travel turns spent in this place as a percentage of turns spent in this place.
 D = Turns resting spent in this place as a percentage of non-inter-level travel turns spent in this place.
 E = Turns spent auto-exploring this place as a percentage of non-inter-level travel turns spent in this place.
 F = Non-inter-level travel turns spent in this place divided by the number of levels of this place that you've seen.
                   A       B       C       D       E      F
               +-------+-------+-------+-------+-------+----------------------
         Total | 100.0 | 100.0 |   0.2 |   0.5 |  11.5 | 217.0
       Dungeon | 100.0 | 100.0 |   0.2 |   0.5 |  11.5 | 217.0
               +-------+-------+-------+-------+-------+----------------------

Table legend:
 A = Kills in this place as a percentage of kills in entire the game.
 B = Kills by you in this place as a percentage of kills by you in the entire game.
 C = Kills by friends in this place as a percentage of kills by friends in the entire game.
 D = Other kills in this place as a percentage of other kills in the entire game.
 E = Experience gained in this place as a percentage of experience gained in the entire game.
 F = Experience gained in this place divided by the number of levels of this place that you have seen.
                   A       B       C       D       E      F
               +-------+-------+-------+-------+-------+----------------------
         Total | 100.0 | 100.0 | 100.0 |  -nan | 100.0 |  39.5
       Dungeon | 100.0 | 100.0 | 100.0 |  -nan | 100.0 |  39.5
               +-------+-------+-------+-------+-------+----------------------
